 Dungeon Crawl Stone Soup version 0.25-a0-829-g4e6a552925 (webtiles) character file.

Game seed: 11371362233789879983, levelgen mode: deterministic

75495 Geomchi the Impaler (level 15, -3/129 HPs)
             Began as a Merfolk Venom Mage on Apr 21, 2020.
             Was a High Priest of Sif Muna.
             Killed from afar by a fire giant (25 damage)
             ... with a fireball
             ... on level 12 of the Dungeon.
             The game lasted 01:12:30 (40680 turns).

Geomchi the Impaler (Merfolk Venom Mage)           Turns: 40680, Time: 01:12:31

Health: -3/129     AC: 11    Str: 10    XL:     15   Next: 50%
Magic:  19/23      EV: 21    Int: 23    God:    Sif Muna [*****.]
Gold:   366        SH:  0    Dex: 14    Spells: 3/25 levels left

rFire    + . .     SeeInvis .   p - +2 spear (vamp)
rCold    . . .     Gourm    .   (no shield)
rNeg     + . .     Faith    .   X - +2 robe {rF+}
rPois    +         Spirit   .   u - +0 helmet
rElec    .         Reflect  .   O - scarf {cloud immunity}
rCorr    .         Harm     .   D - +0 pair of gloves
MR       +....                  z - +0 pair of boots
Stlth    ++........             j - amulet of magic regeneration
HPRegen  0.31/turn              F - ring "Kaniv" {Wiz *Contam rPois rN+ Int+3}
MPRegen  0.43/turn              d - +4 ring of protection

@: no status effects
A: change form in water, swift swim, stealthy swim
a: Channel Magic, Forget Spell, Divine Exegesis, Renounce Religion


You were on level 12 of the Dungeon.
You worshipped Sif Muna.
Sif Muna was extremely pleased with you.
You were not hungry.

You visited 4 branches of the dungeon, and saw 21 of its levels.

You collected 2872 gold pieces.
You spent 2506 gold pieces at shops.

Inventory:

Hand Weapons
 p - a +2 vampiric spear (weapon)
 W - a +5 halberd
Armour
 u - a +0 helmet (worn)
 z - a +0 pair of boots (worn)
 D - a +0 pair of gloves (worn)
 O - a scarf of cloud immunity (worn)
 R - a +2 robe of cold resistance
 X - a +2 robe of fire resistance (worn)
Jewellery
 d - a +4 ring of protection (right hand)
 j - an amulet of magic regeneration (around neck)
 r - an uncursed ring of resist corrosion
 A - an uncursed amulet of rage {unknown}
 F - the ring "Kaniv" (left hand) {Wiz *Contam rPois rN+ Int+3}
   (You bought it in a shop on level 1 of the Orcish Mines)

   [ring of wizardry]

   It improves your spell success rate.
   It affects your intelligence (+3).
   It protects you from poison.
   It protects you from negative energy.
   It causes magical contamination when unequipped.
 L - an uncursed ring of protection from cold
 N - an uncursed amulet of guardian spirit {unknown}
Wands
 a - a wand of disintegration (8)
 q - a wand of acid (3)
 B - a wand of enslavement (6)
 J - a wand of iceblast (16)
 M - a wand of flame (54)
 Z - a wand of paralysis (17)
Scrolls
 e - 4 scrolls of remove curse
 f - a scroll of noise {unknown}
 i - 3 scrolls of enchant armour {unknown}
 k - 8 scrolls of teleportation
 l - 4 scrolls of amnesia {unknown}
 m - 4 scrolls of magic mapping {unknown}
 s - 3 scrolls of enchant weapon
 t - 2 scrolls of fear
 v - 4 scrolls of fog
 y - 2 scrolls of random uselessness {unknown}
 C - a scroll of blinking
 I - a scroll of vulnerability {unknown}
 S - 2 scrolls of immolation {unknown}
 T - a scroll of silence
 U - a scroll of summoning {unknown}
Potions
 b - 6 potions of curing
 g - 2 potions of magic
 h - 2 potions of ambrosia
 n - 2 potions of brilliance
 o - a potion of resistance
 w - 2 potions of lignification
 x - a potion of stabbing
 E - 5 potions of mutation
 H - a potion of flight {unknown}
 P - a potion of heal wounds
 V - a potion of haste
 Y - a potion of cancellation {unknown}
Comestibles
 c - 22 rations


   Skills:
 - Level 15.5 Fighting
 - Level 16.0 Polearms
 - Level 13.7 Dodging
 - Level 2.1 Stealth
 - Level 5.6 Spellcasting
 + Level 3.3 Conjurations
 + Level 8.2 Transmutations
 + Level 1.6 Ice Magic
 + Level 1.2 Air Magic
 - Level 10.0 Poison Magic
 - Level 11.0 Invocations


You had 3 spell levels left.
You knew the following spells:

 Your Spells              Type           Power        Failure   Level  Hunger
a - Sting                 Tmut/Pois      ####         1%          1    None
b - Poisonous Vapours     Pois/Air       ####..       1%          2    None
c - Mephitic Cloud        Conj/Pois/Air  ####....     1%          3    ##.....
d - Olgreb's Toxic Radia  Pois           ######..     1%          4    ####...
e - Eringya's Noxious Bo  Tmut/Pois      #####.....   13%         6    #######
f - Freezing Cloud        Conj/Ice/Air   ###.......   90%         6    #######

Your spell library contained the following spells:

 Spells                   Type           Power        Failure   Level  Hunger
 Beastly Appendage        Tmut           #####.       1%          1    None
 Shock                    Conj/Air       ###.         1%          1    None
 Passwall                 Tmut/Erth      ####....     1%          2    None
 Sticks to Snakes         Tmut           #####...     1%          2    None
 Ignite Poison            Fire/Tmut/Pois ####....     1%          3    ##.....
 Spider Form              Tmut/Pois      #####.....   1%          3    ##.....
 Animate Skeleton         Necr           N/A          3%          1    None
 Apportation              Tloc           #.....       3%          1    None
 Corona                   Hex            #......      3%          1    None
 Sandblast                Erth           #.....       3%          1    None
 Summon Small Mammal      Summ           #...         3%          1    None
 Sublimation of Blood     Necr           #.........   6%          2    None
 Stone Arrow              Conj/Erth      ##....       6%          3    ##.....
 Alistair's Intoxication  Tmut/Pois      #####...     2%          5    #####..
 Ice Form                 Ice/Tmut       ####....     4%          4    ####...
 Petrify                  Tmut/Erth      ####....     6%          4    ####...
 Animate Dead             Necr           N/A          32%         4    ####...
 Lightning Bolt           Conj/Air       ###.......   34%         5    #####..
 Metabolic Englaciation   Hex/Ice        ##........   54%         5    #####..
 Borgnjor's Vile Clutch   Necr/Erth      #.........   65%         5    #####..
 Lee's Rapid Deconstruct  Erth           #.........   65%         5    #####..
 Ozocubu's Refrigeration  Ice            ##........   93%         6    #######
 Simulacrum               Ice/Necr       ##........   98%         6    #######
 Haunt                    Necr/Summ      #.........   100%        7    #######
 Chain Lightning          Conj/Air       ###.......   100%        8    #######
 Death's Door             Chrm/Necr      #.........   100%        8    #######
 Infestation              Necr           #.........   100%        8    #######
 Necromutation            Tmut/Necr      ####......   100%        8    #######


Dungeon Overview and Level Annotations

Branches:
Dungeon (12/15)            Temple (1/1) D:6            Lair (6/6) D:10
 Shoals (0/4) Lair:2       Spider (0/4) Lair:3        Slime (0/5) Lair:5
    Orc (2/2) D:10            Elf (0/3) Orc:2

Altars:
Ashenzari
Cheibriados
Dithmenos
Elyvilon
Fedhas
Gozag
Hepliaklqana
Kikubaaqudgha
Makhleb
Nemelex Xobeh
Okawaru
Qazlal
Ru
Sif Muna
Trog
Uskayaw
Vehumet
Wu Jian
Xom
Yredelemnul
Zin
The Shining One

Shops:
Orc:1 =[:=   Orc:2 :(?(

Annotations:
D:3 3 runed translucent doors, twirl's ghost, amateur GrFi
D:9 exclusion: wight
Lair:1 exclusion: oklob plant


Message History

You regained 2 hp, and now have 55/129 hp.
You hit the acid dragon. You hit the acid dragon.
You feel better.
You kill the acid dragon!
Sif Muna accepts your kill.
You regained 6 hp, and now have 61/129 hp.
MP restored: 23 You begin spewing toxic sludge!
The fire giant gestures at you while chanting.
The fireball explodes!
The fireball engulfs you!! You resist.
* * * LOW HITPOINT WARNING * * *
You take 26 damage, and have 36/129 hp.
MASSIVE DAMAGE!!
You now have 17/23 mp.
The fire giant gestures at you while chanting.
The bolt of fire hits you! You resist.
* * * LOW HITPOINT WARNING * * *
You take 15 damage, and have 21/129 hp.
You are no longer corroded.
Your noxious spew wanes.
The fire giant casts a spell at you.
The fireball explodes!
The fireball engulfs you!! You resist.
You die...

.......# ............
.......# ###.........
.....D.# #.......#> .......#
########## ....)..# ....)).#
####### #####'## #......
#.#####################.#####
#.....CŤŤ.@...........# #.
############################.
#....... #.#####. #.#)....
#.#.#### #.#..... #.######
#.......


There were no monsters in sight!

Vanquished Creatures
  5 hydras
  A catoblepas (Lair:4)
  A two-headed ogre (D:8)
  8 death yaks
  A queen ant (D:10)
  Urug (Lair:1)
  5 orc high priests
  A fire crab (Lair:6)
  2 unseen horrors
  Pikel (D:5)
  5 orc knights (Orc:2)
  3 orc sorcerers (Orc:2)
  2 cyclopes
  20 elephants
  Maurice (Orc:2)
  2 centaur zombies (D:12)
  A torpor snail (Lair:5)
  5 black mambas
  22 spiny frogs
  Psyche (D:9)
  3 molten gargoyles (D:12)
  3 rime drakes
  8 komodo dragons
  A yaktaur (D:12)
  3 tyrant leeches
  2 jumping spiders (Lair:3)
  A polar bear (Lair:6)
  3 trolls
  23 blink frogs
  7 dream sheep (Lair:5)
  14 hippogriffs
  2 redbacks (Lair:3)
  2 wyverns
  A spriggan (D:7)
  3 shadows
  3 basilisks
  3 hungry ghosts
  Grum (D:8)
  43 yaks
  8 vampire mosquitoes
  A warg (Orc:1)
  8 soldier ants (D:10)
  An acid dragon (D:12)
  Duvessa (D:5)
  19 water moccasins
  4 porcupines
  2 hornet zombies
  4 black bears
  2 ice beasts
  3 sky beasts
  33 orc warriors
  4 phantoms
  10 ogres
  6 centaurs
  3 wolves (D:8)
  10 crocodiles
  2 big kobolds
  A gnoll sergeant (D:7)
  28 bullfrogs
  4 scorpions
  A water moccasin skeleton (D:4)
  Dowan (D:5)
  5 wights
  6 killer bees
  A howler monkey (D:8)
  3 electric eels
  A lava snake (D:12)
  3 crimson imps
  2 quasits
  A bullfrog zombie (D:8)
  24 orc priests
  7 jellies
  4 hounds
  A bullfrog skeleton (D:4)
  2 centaur skeletons
  10 orc wizards
  4 iguanas
  Ijyb (D:3)
  35 worker ants
  4 hound zombies
  2 hound skeletons
  4 worker ant zombies
  6 gnolls
  13 adders
  A shadow imp (D:4)
  6 oozes
  An adder skeleton (D:8)
  3 adder zombies
  3 worms
  2 dart slugs
  5 leopard geckos
  73 orcs
  A bat zombie (D:5)
  4 giant cockroaches
  2 goblins
  10 hobgoblins
  2 jackals (D:4)
  19 kobolds
  5 quokkas
  A ball python (D:6)
  5 bats
  4 frilled lizards
  A quokka skeleton (D:8)
  5 rats
  3 rat zombies (D:5)
665 creatures vanquished.

Vanquished Creatures (collateral kills)
  A crimson imp (D:8)
1 creature vanquished.

Vanquished Creatures (others)
  An orc high priest (Orc:2)
  A black mamba (Lair:5)
  A porcupine (Lair:5)
  3 slaves (D:5)
  A worker ant (D:5)
  A gnoll (D:5)
  A quokka (D:5)
  22 fungi
  35 plants
66 creatures vanquished.

Grand Total: 732 creatures vanquished

Notes
Turn   | Place    | Note
-------+----------+-------------------------------------------
     0 | D:1      | Geomchi the Merfolk Venom Mage began the quest for the Orb.
     0 | D:1      | Reached XP level 1. HP: 13/13 MP: 3/3
   335 | D:1      | Reached skill level 1 in Fighting
   513 | D:1      | Reached XP level 2. HP: 21/21 MP: 0/5
  1368 | D:2      | Learned a level 2 spell: Poisonous Vapours
  1622 | D:2      | Reached XP level 3. HP: 27/27 MP: 3/6
  1627 | D:2      | Learned a level 3 spell: Mephitic Cloud
  2494 | D:3      | Reached skill level 1 in Polearms
  2494 | D:3      | Reached XP level 4. HP: 34/34 MP: 3/7
  2546 | D:3      | Noticed twirl's ghost (amateur GrFi)
  2847 | D:3      | Reached skill level 1 in Conjurations
  3053 | D:3      | Noticed Ijyb
  3065 | D:3      | Killed Ijyb
  3065 | D:3      | Reached XP level 5. HP: 13/39 MP: 0/8
  3400 | D:3      | Found a runed translucent gate.
  3401 | D:3      | Found a runed translucent gate.
  3401 | D:3      | Found a runed translucent gate.
  4078 | D:4      | Reached XP level 6. HP: 26/47 MP: 9/9
  4454 | D:4      | Reached skill level 5 in Poison Magic
  5290 | D:5      | Entered Level 5 of the Dungeon
  5299 | D:5      | Noticed Dowan
  5299 | D:5      | Noticed Duvessa
  5324 | D:5      | Killed Dowan
  5324 | D:5      | Reached XP level 7. HP: 55/55 MP: 0/10
  5843 | D:4      | Reached skill level 5 in Fighting
  5972 | D:5      | Killed Duvessa
  6339 | D:5      | Noticed Pikel
  6349 | D:5      | Killed Pikel
  6349 | D:5      | Reached skill level 4 in Polearms
  6349 | D:5      | Reached XP level 8. HP: 65/65 MP: 1/11
  7016 | D:5      | Found an ancient bone altar of Kikubaaqudgha.
  7246 | D:6      | Reached skill level 5 in Polearms
  7702 | D:6      | Found a staircase to the Ecumenical Temple.
  7720 | D:6      | Found a sacrificial altar of Ru.
  7731 | Temple   | Entered the Ecumenical Temple
  7873 | Temple   | Became a worshipper of Sif Muna the Loreminder
  7925 | D:6      | Reached XP level 9. HP: 70/72 MP: 9/12
  7931 | D:6      | Learned a level 4 spell: Olgreb's Toxic Radiance
  8088 | D:6      | Got a warped dagger
  8089 | D:6      | Identified the +7 dagger "Gylauch" {vorpal, MR++ Str+3}
                  | (You found it on level 6 of the Dungeon)
  9114 | D:7      | Found an iron altar of Okawaru.
  9124 | D:7      | Reached skill level 5 in Dodging
  9313 | D:7      | Reached * piety under Sif Muna
  9892 | D:7      | Reached skill level 1 in Invocations
  9956 | D:7      | Reached XP level 10. HP: 68/82 MP: 1/16
 10567 | D:7      | Found a radiant altar of Vehumet.
 10876 | D:8      | Noticed Grum
 10886 | D:8      | Killed Grum
 10902 | D:8      | Noticed a two-headed ogre
 10922 | D:8      | Killed a two-headed ogre
 11156 | D:8      | Reached skill level 10 in Fighting
 11156 | D:8      | Reached skill level 5 in Invocations
 11169 | D:8      | Reached ** piety under Sif Muna
 11941 | D:8      | Found a sparkling altar of Nemelex Xobeh.
 12388 | D:9      | Found a hide-covered altar of Uskayaw.
 12389 | D:9      | Found a snail-covered altar of Cheibriados.
 12391 | D:9      | Found a sacrificial altar of Ru.
 13000 | D:9      | Noticed Psyche
 13006 | D:9      | Paralysed by Psyche for 2 turns
 13012 | D:9      | Killed Psyche
 13012 | D:9      | Reached XP level 11. HP: 49/92 MP: 3/17
 13996 | D:10     | Entered Level 10 of the Dungeon
 14285 | D:10     | Killed an unseen horror
 14285 | D:10     | Reached skill level 10 in Dodging
 16058 | D:10     | Reached *** piety under Sif Muna
 16155 | D:11     | Killed an unseen horror
 16155 | D:11     | Reached skill level 6 in Polearms
 16438 | D:11     | Noticed a cyclops
 16452 | D:11     | Killed a cyclops
 17374 | D:10     | Found a staircase to the Orcish Mines.
 17428 | D:10     | Noticed a queen ant
 17429 | D:10     | Reached skill level 7 in Polearms
 17436 | D:10     | Reached **** piety under Sif Muna
 17437 | D:10     | Killed a queen ant
 17437 | D:10     | Reached skill level 8 in Polearms
 17934 | D:10     | Found a staircase to the Lair.
 17950 | D:10     | Reached XP level 12. HP: 100/102 MP: 18/18
 17957 | Lair:1   | Entered Level 1 of the Lair of Beasts
 18334 | Lair:1   | Reached skill level 9 in Polearms
 18551 | Lair:1   | Noticed Urug
 18564 | Lair:1   | Killed Urug
 18893 | Lair:1   | Noticed an eight-headed hydra
 18908 | Lair:1   | Killed an eight-headed hydra
 19185 | Lair:1   | Reached skill level 10 in Polearms
 19904 | Lair:2   | Found a staircase to the Shoals.
 21148 | Lair:3   | Noticed an eight-headed hydra
 21526 | Lair:3   | Reached skill level 11 in Polearms
 22042 | Lair:3   | Killed an eight-headed hydra
 22042 | Lair:3   | Reached XP level 13. HP: 28/111 MP: 19/19
 22793 | Lair:3   | Reached skill level 12 in Polearms
 23578 | Lair:3   | Found a hole to the Spider Nest.
 24742 | Lair:4   | Reached skill level 10 in Invocations
 25483 | Lair:4   | Reached ***** piety under Sif Muna
 25499 | Lair:4   | Identified Sif Muna's Papyrus of Darkness and
                  | Weightlessness (Sif Muna gifted it to you on level 4 of the
                  | Lair of Beasts)
 25499 | Lair:4   | Received a gift from Sif Muna
 26222 | Lair:4   | Reached skill level 13 in Polearms
 26485 | Lair:5   | Found a staircase to the Slime Pits.
 26647 | Lair:5   | Found a bloodstained altar of Trog.
 27022 | Lair:5   | Reached skill level 14 in Polearms
 27022 | Lair:5   | Reached XP level 14. HP: 72/121 MP: 14/22
 28852 | Lair:6   | Entered Level 6 of the Lair of Beasts
 28883 | Lair:5   | Reached skill level 15 in Fighting
 29756 | Lair:6   | Reached skill level 15 in Polearms
 32611 | Lair:6   | Identified Sif Muna's Volume of Changing (Sif Muna gifted
                  | it to you on level 6 of the Lair of Beasts)
 32611 | Lair:6   | Received a gift from Sif Muna
 33236 | Lair:6   | HP: 4/123 [four-headed hydra (16)]
 34929 | Lair:6   | Reached XP level 15. HP: 129/129 MP: 23/23
 35195 | Lair:6   | Reached skill level 16 in Polearms
 35773 | Orc:1    | Entered Level 1 of the Orcish Mines
 35773 | Orc:1    | Found Ripionoi's Book Shoppe.
 35773 | Orc:1    | Found Umopp's Armour Boutique.
 35837 | Orc:1    | Found Noigoadaun's Jewellery Emporium.
 35898 | Orc:1    | Bought the ring "Kaniv" {Wiz *Contam rPois rN+ Int+3} for
                  | 599 gold pieces
 35907 | Orc:1    | Learned a level 6 spell: Eringya's Noxious Bog
 36001 | Orc:1    | Found Ologerurgh's Jewellery Shoppe.
 36373 | Orc:1    | HP: 5/129 [sixfirhy[an orc high priest] (12)]
 36382 | Orc:1    | Reached skill level 5 in Transmutations
 36832 | Orc:2    | Entered Level 2 of the Orcish Mines
 36893 | Orc:2    | Noticed Maurice
 36907 | Orc:2    | Killed Maurice
 37193 | Orc:2    | Reached skill level 5 in Spellcasting
 37410 | Orc:2    | Found a staircase to the Elven Halls.
 37669 | Orc:2    | Identified Sif Muna's Almanac of Poisoning and Black Rites
                  | (Sif Muna gifted it to you on level 2 of the Orcish Mines)
 37669 | Orc:2    | Received a gift from Sif Muna
 37937 | Orc:2    | Reached skill level 10 in Poison Magic
 38576 | Orc:2    | Found Abiytaets's Antique Weapon Boutique.
 38579 | Orc:2    | Found Roux's Book Boutique.
 38580 | Orc:2    | Found Labe's Magic Scroll Boutique.
 38581 | Orc:2    | Found Tufom's Antique Weapon Shop.
 38592 | Orc:2    | Bought a scroll of identify for 28 gold pieces
 38592 | Orc:2    | Bought a scroll of blinking for 105 gold pieces
 38592 | Orc:2    | Bought a scroll of silence for 105 gold pieces
 38592 | Orc:2    | Bought a scroll of teleportation for 42 gold pieces
 38593 | Orc:2    | Bought a scroll of enchant weapon for 105 gold pieces
 38673 | Orc:1    | Bought a +4 ring of protection for 612 gold pieces
 38703 | Orc:1    | Bought a book of Ice for 910 gold pieces
 38710 | Orc:1    | Learned a level 6 spell: Freezing Cloud
 39604 | D:12     | Reached skill level 1 in Ice Magic
 39990 | D:12     | Reached skill level 1 in Air Magic
 40334 | D:12     | Noticed a fire giant
 40680 | D:12     | Killed from afar by a fire giant

Levels and vault maps discovered:
D:1:      minmay_arrival_radiant_lines, layout_basic
D:2:      layout_loops_cross, first_ration
D:3:      layout_rooms, gammafunk_ghost_icy, uniq_ijyb
D:4:      layout_basic, minivault_19
D:5:      minmay_spotlight, layout_rooms, lemuel_zombie_altar_kikubaaqudgha,
          minmay_liquid_box, uniq_duvessa, uniq_pikel
D:6:      layout_cave_pods, minmay_temple_entry_purple_smoke,
          hangedman_abyss_or_decor_slice, nicolae_ru_great_annihilating_truth
D:7:      minmay_clustersquares, layout_basic, kennysheep_little_box,
          marbit_many_paths, the_bakery, grunt_ministairs_15,
          minmay_misc_feat_columns, minmay_fractal_squares_5
D:8:      minmay_bloctagon, layout_loops_ring, lemuel_doored_altar, uniq_grum
D:9:      layout_grid_maze, grunt_temple_overflow_open, nrook_mini_backslash,
          uniq_psyche
D:10:     layout_cross, erik_lair_orcish_takeover, david_orc_4, grunt_decor_cap,
          corexii_checkpoint_b, zaba_antful_of_joy
D:11:     layout_cave_pools, dk_noncrumbling_3, item_on_display_a
D:12:     hangedman_cross_veins, layout_basic, minivault_8
Temple:   regret_index_temple_waves
Lair:1:   layout_regular_city, grunt_megastairs_4, minmay_lair_oklob_chamber,
          uniq_urug
Lair:2:   layout_small_grid, minmay_shoals_entry_centaurs
Lair:3:   layout_gridlike, nicolae_spider_entry_tight_spaces, grunt_megastairs_1
Lair:4:   layout_gridlike, gauntlet_entry_generic
Lair:5:   layout_big_grid, nicolae_slime_entry_slimehenge,
          nicolae_volcano_entry_two_sided, basic_altar,
          cheibrodos_lair_caveside_slide
Lair:6:   minmay_lair_end_frog_pond, layout_gridlike, st_stairs_4,
          chequers_serial_rivers_small_a
Orc:1:    layout_diamond_mine, serial_shops, shop_fountains, nicolae_shop_trees,
          shop, nicolae_shop_statue_plus
Orc:2:    st_orc_pillars, layout_caves, uniq_maurice

Skill      XL: |  1  2  3  4  5  6  7  8  9 10 11 12 13 14 15 |
---------------+----------------------------------------------+-----
Fighting       | 1 2 3 4 6 7 8 10 11 13 14 15 | 15.5
Poison Magic   | 4 5 7 8 9 10 | 10.0
Polearms       | 1 4 5 8 11 14 15 16 | 16.0
Conjurations   | 1 2 3 |  3.3
Dodging        | 6 9 11 12 13 | 13.7
Spellcasting   | 4 5 |  5.6
Invocations    | 2 6 7 9 11 | 11.0
Transmutations | 4 8 |  8.2
Ice Magic      | 1 |  1.6
Air Magic      | 1 |  1.2
Stealth        | |  2.1

Action                   |  1- 3 |  4- 6 |  7- 9 | 10-12 | 13-15 || total
-------------------------+-------+-------+-------+-------+-------++-------
Melee: Unarmed           |     6 |       |       |       |       ||     6
       Short sword       |     6 |       |       |       |       ||     6
       Spear             |    17 |   104 |   200 |   445 |  1252 ||  2018
       Whip              |     3 |       |       |       |       ||     3
       Halberd           |       |       |       |   240 |   247 ||   487
       Tailslap          |       |       |       |       |     7 ||     7
 Cast: Sting             |    37 |    28 |    90 |   160 |    72 ||   387
       Poisonous Vapours |    17 |    27 |    37 |    63 |   179 ||   323
       Mephitic Cloud    |       |     1 |     4 |     8 |    21 ||    34
       Olgreb's Toxic Ra |       |       |     8 |    67 |   129 ||   204
       Eringya's Noxious |       |       |       |       |     9 ||     9
Invok: Channel Magic     |       |       |       |     2 |     2 ||     4
Evoke: Wand              |       |       |     1 |     5 |    15 ||    21
  Use: Scroll            |       |     4 |     3 |     4 |    13 ||    24
       Potion            |       |       |     3 |     5 |    13 ||    21
 Stab: Sleeping          |       |     1 |       |     1 |     2 ||     4
       Confused          |       |       |       |     1 |    17 ||    18
       Invisible         |       |       |       |       |     6 ||     6
       Distracted        |       |       |       |       |     1 ||     1
  Eat: Chunk             |     7 |     9 |    13 |    39 |    51 ||   119
       Ration            |       |     1 |     2 |     5 |    11 ||    19
Armor: Robe              |     7 |    10 |    50 |   122 |   138 ||   327
       Skin              |       |       |       |    16 |       ||    16
Dodge: Dodged            |    25 |    57 |   173 |   664 |  1026 ||  1945

Table legend:
 A = Non-vault XP
 B = Vault XP
 C = Vault XP percentage of total XP
 D = Non-vault monster count
 E = Vault monster count
 F = Vault count percentage of total count
                 A         B        C        D         E       F
            +---------+---------+-------+---------+---------+-------
      Total |   68614 |   39237 |  36.4 |     418 |     249 |  37.3
            +---------+---------+-------+---------+---------+-------
        D:1 |      24 |       0 |   0.0 |      10 |       0 |   0.0
        D:2 |      36 |       0 |   0.0 |      19 |       0 |   0.0
        D:3 |     101 |      36 |  26.3 |      26 |       1 |   3.7
        D:4 |     661 |       0 |   0.0 |      19 |       0 |   0.0
        D:5 |     103 |     978 |  90.5 |       3 |      11 |  78.6
        D:6 |     548 |      40 |   6.8 |      11 |       4 |  26.7
        D:7 |    1377 |    1643 |  54.4 |      29 |      21 |  42.0
        D:8 |    1584 |    1585 |  50.0 |      23 |      20 |  46.5
        D:9 |    1223 |     404 |  24.8 |      17 |       1 |   5.6
       D:10 |    2351 |    3628 |  60.7 |      25 |      49 |  66.2
       D:11 |    2177 |       0 |   0.0 |      11 |       0 |   0.0
       D:12 |    2294 |    2762 |  54.6 |      22 |      11 |  33.3
     Lair:1 |    5876 |    1800 |  23.4 |      22 |       4 |  15.4
     Lair:2 |    2442 |    1001 |  29.1 |      12 |       6 |  33.3
     Lair:3 |    7535 |    2178 |  22.4 |      32 |       6 |  15.8
     Lair:4 |    4840 |       0 |   0.0 |      16 |       0 |   0.0
     Lair:5 |   21347 |    2477 |  10.4 |      52 |      16 |  23.5
     Lair:6 |    8905 |   10339 |  53.7 |      27 |      41 |  60.3
      Orc:1 |    2600 |       0 |   0.0 |      28 |       0 |   0.0
      Orc:2 |    2590 |   10366 |  80.0 |      14 |      58 |  80.6
            +---------+---------+-------+---------+---------+-------
